 Dungeon Crawl Stone Soup version 0.29-a0-472-ge5599a681e (webtiles) character file.

Game seed: 17386392416295352033

7 dabmancer the Magician (level 1, 9/9 HPs)
             Began as a Spriggan Hedge Wizard on May 23, 2022.
             Was a Follower of Trog.
             Got out of the dungeon alive.
             The game lasted 00:02:40 (665 turns).

dabmancer the Magician (Spriggan Hedge Wizard)       Turns: 665, Time: 00:02:41

Health: 9/9        AC:  2    Str:  6    XL:     1   Next: 83%
Magic:  6/6        EV: 17    Int: 15    God:    Trog [*.....]
Gold:   34         SH:  0    Dex: 14    Spells: 7/8 levels left

rFire   . . .      SeeInvis +   a - +0 dagger
rCold   . . .      Faith    .   (no shield)
rNeg    . . .      Spirit   .   b - +0 robe
rPois   .          Reflect  .   c - +0 hat
rElec   .          Harm     .   (no cloak)
rCorr   .          Rampage  .   (gloves unavailable)
Will    .....                   (boots unavailable)
Stlth   ++........              (no amulet)
HPRegen 0.03/turn               (no ring)
MPRegen 0.10/turn               (no ring)

@: very quick
A: very small, no large weapons, unfitting armour, see invisible, speed 3
a: Renounce Religion, Berserk


You escaped.
You worshipped Trog.
Trog was aware of your devotion.
You visited 1 branch of the dungeon, and saw 1 of its levels.

You collected 34 gold pieces.

Inventory:

Hand Weapons
 a - a +0 dagger (weapon)
Armour
 b - a +0 robe (worn)
 c - a +0 hat (worn)
Scrolls
 e - a scroll of blinking {unknown}
 f - a scroll of immolation {unknown}
Potions
 d - a potion of magic


   Skills:
 + Level 2.7 Dodging
 + Level 3.2 Stealth
 - Level 4.3 Spellcasting
 - Level 0.7 Conjurations
 - Level 0.7 Summonings
 - Level 1.5 Translocations


You had 7 spell levels left.
You knew the following spells:

 Your Spells              Type           Power      Damage    Failure   Level
a - Magic Dart            Conj           20%        1d4       13%         1

Your spell library contained the following spells:

 Spells                   Type           Power      Damage    Failure   Level
 Blink                    Tloc           14%        N/A       14%         2
 Slow                     Hex            12%        N/A       17%         1
 Call Imp                 Summ           5%         N/A       21%         2
 Conjure Flame            Conj/Fire      4%         6-21      41%         3
 Mephitic Cloud           Conj/Pois/Air  3%         N/A       43%         3


Dungeon Overview and Level Annotations

Branches:
Dungeon (1/15)

Altars:
Trog


Innate Abilities, Weirdness & Mutations

You are very small and have problems with some larger weapons.
You are too small for most types of armour.
You have supernaturally acute eyesight. (SInv)
You cover ground extremely quickly. (Speed+++)


Message History

The hobgoblin is severely wounded.
The magic dart hits the hobgoblin.
You kill the hobgoblin!
Your magical contamination has completely faded away.
There is an open door here.
There is an open door here.
Things that are here:
a +0 club; a kobold skeleton The golden eye turns its gaze towards you.
The shining eye turns its gaze towards you.
The great orb of eyes turns its gaze towards you.
The shining eye turns its gaze towards you.
There is a faded altar of an unknown god here.
There is a faded altar of an unknown god here.
You cannot tell which god this altar belongs to.
Convert to them anyway?
Trog accepts your prayer! Trog welcomes you!
You can now go berserk at will.
Unknown command.
Press < or > to pray at altars.
Unknown command.
Press < or > to pray at altars.
Unknown command.
Press < or > to pray at altars.
Unknown command.
Press < or > to pray at altars.
You can't see any susceptible monsters within range! (Use Z to cast anyway.)
Press: ? - help, v - describe, . - travel
Here: a shining eye (fire blocked by a translucent stone wall)
The floor.
Okay, then.
Unknown command.
There is an open gate here.
Magic restored.
There is an open door here.
There is a staircase leading out of the dungeon here.
Are you sure you want to leave the Dungeon?
This will make you lose the game! [Y]es or [N]o only, please.
Are you sure you want to leave the Dungeon?
This will make you lose the game!
You have escaped!

##♣............†.♣
.....♣♣#'''#♣♣♣..♣
....♣###...###♣♣.♣
.♣♣♣##.......# ♣♣♣
♣♣####....8..####
###..#.......#..###
#....#.8)....'....#
#....#...⌠...#....#
#.⌠..'.8...8.#..@.#
#....#...8...#....#
###################


There were no monsters in sight!

Vanquished Creatures
  A giant cockroach (D:1)
  A goblin (D:1)
  A hobgoblin (D:1)
  A jackal (D:1)
  2 kobolds (D:1)
6 creatures vanquished.

Notes
Turn   | Place    | Note
-------+----------+-------------------------------------------
     0 | D:1      | dabmancer the Spriggan Hedge Wizard began the quest for the
                  | Orb.
     0 | D:1      | Reached XP level 1. HP: 9/9 MP: 6/6
    57 | D:1      | Noticed a great orb of eyes
    59 | D:1      | Found a faded altar of an unknown god.
   193 | D:1      | Noticed a shining eye
   197 | D:1      | Noticed a golden eye
   197 | D:1      | Noticed a shining eye
   625 | D:1      | Prayed at the altar of an unknown god.
   625 | D:1      | Became a worshipper of Trog the Wrathful
   625 | D:1      | Reached * piety under Trog
   665 | D:$      | Got out of the dungeon alive.

Illustrated notes

Levels and vault maps discovered:
D:1:      sevenhm_arrival_forest_fort_large_2, layout_loops_ring,
          hellmonk_ecumenical_altar_watching_god, dk_noncrumbling_2,
          chequers_serial_rivers_small_3

Action                   || total
-------------------------++-------
Melee: Dagger            ||    22
 Cast: Magic Dart        ||    28
Armor: Robe              ||     5
Dodge: Dodged            ||    22

Table legend: (Time is in decaauts)
 A = Elapsed time spent in this place.
 B = Non-inter-level travel time spent in this place.
 C = Inter-level travel time spent in this place.
 D = Time resting spent in this place.
 E = Time spent auto-exploring this place.
 F = Levels seen in this place.
 G = Mean time per level.
                   A        B        C        D        E       F      G
               +--------+--------+--------+--------+--------+-----+--------+
         Total |    511 |    466 |     45 |    166 |    170 |   1 |  511.0 |
       Dungeon |    511 |    466 |     45 |    166 |    170 |   1 |  511.0 |
               +--------+--------+--------+--------+--------+-----+--------+

Top non-repeatable levels by time:
     D:1: 511 daAuts
